 Dungeon Crawl Stone Soup version 0.24-a0-789-g35933f4585 (webtiles) character file.

Game seed: 4250764621975349050, levelgen mode: deterministic

165564 Ablot the Thaumaturge (level 17, -2/133 HPs)
             Began as a Gnoll Skald on Oct 10, 2019.
             Was the Champion of Okawaru.
             Killed from afar by a shock serpent (20 damage)
             ... with a bolt of electricity
             ... on level 2 of the Snake Pit.
             The game lasted 01:53:57 (23371 turns).

Ablot the Thaumaturge (Gnoll Skald)                Turns: 23371, Time: 01:53:58

Health: -2/133     AC: 29    Str: 28    XL:     17   Next: 88%
Magic:  28/33      EV: 16    Int: 23    God:    Okawaru [******]
Gold:   2517       SH:  0    Dex: 14    Spells: 1/40 levels left

rFire    + . .     SeeInvis +   x - +8 glaive of the Guard {elec, +Rage AC+5 SInv}
rCold    . . .     Gourm    .   (shield currently unavailable)
rNeg     + + +     Faith    .   S - +7 chain mail "Yfidghiry" {MR+ Str+2 Int+3 Stlth+}
rPois    +         Spirit   .   z - +2 hat {Int+3}
rElec    .         Reflect  .   W - scarf {repulsion}
rCorr    .         Harm     .   F - +0 pair of gloves
MR       ++...                  D - +0 pair of boots
Stlth    +++.......             (no amulet)
HPRegen  0.32/turn              b - ring of Ozxet {*Contam rF+ rN+++ Str+6}
MPRegen  0.23/turn              q - ring of poison resistance

@: lethally poisoned (-2 -> -4), shrouded, singing, repel missiles
A: distributed training, fangs 1, strong nose
a: Heroism, Finesse, Renounce Religion, Evoke Berserk Rage


You were on level 2 of the Snake Pit.
You worshipped Okawaru.
Okawaru was exalted by your worship.
You were not hungry.

You visited 5 branches of the dungeon, and saw 26 of its levels.
You also visited: Ossuary and Volcano.

You collected 2894 gold pieces.
You spent 377 gold pieces at shops.

Inventory:

Hand Weapons
 x - the +8 glaive of the Guard (weapon) {elec, +Rage AC+5 SInv}
   (You found it on level 5 of the Dungeon)

   Occasionally, upon striking a foe, it will discharge some electrical energy
   and cause terrible harm.
   It affects your AC (+5).
   It lets you see invisible.
   It lets you go berserk.
 y - a +1 triple sword of flaming
Missiles
 c - 948 arrows
 f - 20 curare-tipped darts (quivered)
 l - 291 bolts
 w - 38 poisoned darts
 L - 136 sling bullets
 Z - 7 javelins
Armour
 z - a +2 hat of intelligence (worn)
 D - a +0 pair of boots (worn)
 F - a +0 pair of gloves (worn)
 S - the +7 chain mail "Yfidghiry" (worn) {MR+ Str+2 Int+3 Stlth+}
   (Okawaru gifted it to you on level 11 of the Dungeon)

   It affects your strength (+2).
   It affects your intelligence (+3).
   It affects your resistance to hostile enchantments.
   It makes you more stealthy.
 W - a scarf of repulsion (worn)
Jewellery
 b - the ring of Ozxet (left hand) {*Contam rF+ rN+++ Str+6}
   (You acquired it on level 2 of the Lair of Beasts)

   [ring of strength]

   It affects your strength (+6).
   It protects you from fire.
   It renders you almost immune to negative energy.
   It causes magical contamination when unequipped.
 p - an uncursed ring of protection from fire
 q - a ring of poison resistance (right hand)
Wands
 o - a wand of iceblast (6)
 t - a wand of clouds (8)
 G - a wand of paralysis (7)
 R - a wand of disintegration (19)
 X - a wand of digging (7)
Scrolls
 h - 4 scrolls of enchant armour
 j - 4 scrolls of blinking
 m - 6 scrolls of fear
 r - 14 scrolls of remove curse
 B - 4 scrolls of magic mapping
 C - a scroll of torment
 E - 6 scrolls of enchant weapon
 H - 5 scrolls of fog
 K - 2 scrolls of immolation {unknown}
 M - 6 scrolls of teleportation
 T - 2 scrolls of noise {unknown}
 U - 2 scrolls of vulnerability {unknown}
 Y - a scroll of summoning
Potions
 a - 2 potions of might
 e - 7 potions of flight
 g - 5 potions of agility
 i - 10 potions of haste
 k - 4 potions of magic
 n - 2 potions of invisibility
 s - 4 potions of heal wounds
 u - a potion of mutation
 v - 10 potions of curing
 I - 5 potions of brilliance
 J - 8 potions of lignification
 N - 2 potions of resistance
 O - a potion of cancellation
 P - 6 potions of ambrosia
 Q - 3 potions of berserk rage
Miscellaneous
 A - a phantom mirror
 V - a phial of floods
Comestibles
 d - 49 rations


   Skills:
 + Level 12.0 Fighting
 + Level 11.1 Short Blades
 + Level 11.1 Long Blades
 + Level 11.1 Axes
 + Level 11.1 Maces & Flails
 + Level 12.0 Polearms
 + Level 11.1 Staves
 + Level 11.1 Slings
 + Level 11.1 Bows
 + Level 11.1 Crossbows
 + Level 11.1 Throwing
 + Level 11.4 Armour
 + Level 12.0 Dodging
 + Level 11.1 Stealth
 + Level 11.1 Shields
 + Level 11.1 Unarmed Combat
 + Level 12.1 Spellcasting
 + Level 9.5 Conjurations
 + Level 9.5 Hexes
 + Level 10.9 Charms
 + Level 9.5 Summonings
 + Level 9.5 Necromancy
 + Level 9.5 Translocations
 + Level 9.5 Transmutations
 + Level 9.5 Fire Magic
 + Level 9.5 Ice Magic
 + Level 9.5 Air Magic
 + Level 9.5 Earth Magic
 + Level 9.5 Poison Magic
 + Level 12.0 Invocations
 + Level 11.1 Evocations


You had one spell level left.
You knew the following spells:

 Your Spells              Type           Power        Failure   Level  Hunger
a - Infusion              Chrm           ####         1%          1    None
b - Song of Slaying       Chrm           ######..     1%          2    None
c - Shroud of Golubria    Chrm/Tloc      ######       1%          2    None
d - Regeneration          Chrm/Necr      ######....   1%          3    None
e - Spectral Weapon       Hex/Chrm       ######..     1%          3    None
f - Confuse               Hex            ######..     1%          3    None
g - Dazzling Spray        Conj/Hex       ######       1%          3    None
h - Corona                Hex            ######.      1%          1    None
i - Tukima's Dance        Hex            ######..     1%          3    None
j - Vampiric Draining     Necr           ######....   1%          3    None
k - Beastly Appendage     Tmut           ######       1%          1    None
l - Airstrike             Air            ######....   3%          4    None
m - Swiftness             Chrm/Air       ######..     1%          2    None
n - Animate Dead          Necr           N/A          3%          4    None
o - Static Discharge      Conj/Air       ######..     1%          3    None
p - Confusing Touch       Hex            ######       1%          1    None

Your spell library contained the following spells:

 Spells                   Type           Power        Failure   Level  Hunger
 Animate Skeleton         Necr           N/A          1%          1    None
 Flame Tongue             Conj/Fire      #####        1%          1    None
 Freeze                   Ice            ####         1%          1    None
 Pain                     Necr           ####         1%          1    None
 Shock                    Conj/Air       ####         1%          1    None
 Ensorcelled Hibernation  Hex/Ice        ######       1%          2    None
 Searing Ray              Conj           ######       1%          2    None
 Sticks to Snakes         Tmut           ######..     1%          2    None
 Throw Frost              Conj/Ice       ######       1%          2    None
 Ozocubu's Armour         Chrm/Ice       ######..     1%          3    None
 Recall                   Summ/Tloc      N/A          1%          3    None
 Spider Form              Tmut/Pois      ######....   1%          3    None
 Stone Arrow              Conj/Erth      ######       1%          3    None
 Ice Form                 Ice/Tmut       ######..     3%          4    None
 Summon Ice Beast         Ice/Summ       ######..     3%          4    None
 Summon Lightning Spire   Summ/Air       ######..     3%          4    None
 Throw Icicle             Conj/Ice       ######..     3%          4    None
 Blade Hands              Tmut           ######....   11%         5    ####...
 Lightning Bolt           Conj/Air       ######....   11%         5    ####...
 Silence                  Hex/Air        ######....   11%         5    ####...
 Deflect Missiles         Chrm/Air       ######....   38%         6    #####..
 Bolt of Cold             Conj/Ice       ######....   50%         6    #####..
 Conjure Ball Lightning   Conj/Air       ######....   50%         6    #####..
 Dragon's Call            Summ           ######....   100%        9    #######
 Tornado                  Air            ######....   100%        9    #######


Dungeon Overview and Level Annotations

Branches:
Dungeon (15/15)            Temple (1/1) D:5            Lair (6/6) D:9
  Swamp (0/4) Lair:2        Snake (2/4) Lair:2        Slime (0/5) Lair:5
    Orc (2/2) D:9             Elf (0/3) Orc:2        Vaults (0/5) D:13
 Depths (0/5) D:15        Ossuary (visited)         Volcano (visited)

Altars:
Ashenzari
Cheibriados
Dithmenos
Elyvilon
Fedhas
Gozag
Hepliaklqana
Kikubaaqudgha
Makhleb
Nemelex Xobeh
Okawaru
Qazlal
Ru
Sif Muna
Trog
Uskayaw
Vehumet
Wu Jian
Xom
Yredelemnul
Zin
The Shining One
Beogh
Jiyva

Shops:
D:6 (::!?   D:14 !   D:15 (   Orc:2 (*([   Snake:1 }

Portals:
Trove: D:14 (give 7 scrolls of blinking)


Innate Abilities, Weirdness & Mutations

Your experience applies equally to all skills.
You have very sharp teeth.
Your uncanny sense of smell can sniff out nearby items.


Message History

The anaconda's grasp on you weakens, but your attempt to escape fails.
You feel sick.
The anaconda bites you but does no damage.
The anaconda constricts you.
Your shroud bends the anaconda's attack away.
The anaconda constricts you.
Unknown command.
You slice the anaconda!!
You kill the anaconda!
Okawaru accepts your kill.
Your Fighting skill increases to level 12!
Your Polearms skill increases to level 12!
Your Dodging skill increases to level 12!
You feel sick.
The shock serpent bites you but does no damage.
The salamander unwields a +0 shortbow of flaming.
It stops flaming.
The salamander completely misses you.
The shock serpent shoots out a bolt of lightning at you!
The bolt of electricity hits you!!
You die...
SS....

######## .....# #......#
S...# ∆ #......# ....#
#......# #...#
#......##########...#
####......##....S.##N..#
..........##....SN†NSS.#
..........##....@.######
∆∆ ..........##.##(#<#
..........##....#.#.#
..................#.#
..................#.###
......................#
......................#
..............^.......#
........#######.......#


You could see a salamander, a naga ritualist, 2 shock serpents, a mana viper, a
black mamba and a naga.

Vanquished Creatures
  An orc warlord (Orc:2)
  The ghost of Tanips the Spear-Bearer, a journeyman MfSk of Cheibriados (D:12)
  Azrael (D:14)
  A red draconian (Volcano)
  A fire dragon (D:14)
  Snorg (Lair:6)
  A yaktaur captain (D:14)
  2 ogre magi
  4 vault guards (D:13)
  A rakshasa (D:13)
  9 hydras
  3 naga warriors
  4 centaur warriors
  A catoblepas (D:14)
  11 two-headed ogres
  6 anacondas
  A death knight (D:14)
  2 orc high priests (Orc:2)
  2 tengu warriors
  3 death yaks (Lair:6)
  3 naga sharpshooters (Snake:1)
  4 shock serpents
  Sonja (Lair:1)
  A flayed ghost (D:14)
  A wizard (D:15)
  2 unseen horrors
  A phantasmal warrior (D:14)
  2 naga ritualists (Snake:1)
  A necromancer (D:15)
  5 orc knights
  3 wolf spider zombies (D:15)
  A wolf spider (D:14)
  3 orc sorcerers
  2 deep elf magi
  7 slime creatures
  2 mana vipers (Snake:1)
  A manticore (D:13)
  2 salamanders (Snake:1)
  19 ugly things
  A guardian serpent (Lair:2)
  7 cyclopes
  10 black mambas
  5 spiny frogs
  9 elephants
  3 naga magi
  A torpor snail (Lair:6)
  Psyche (D:9)
  2 molten gargoyles (Volcano)
  A gargoyle (D:15)
  5 komodo dragons
  3 rime drakes
  2 freezing wraiths (D:14)
  8 trolls
  6 meliai
  A tyrant leech (Lair:2)
  4 polar bears (Lair:6)
  3 blink frogs (Lair:3)
  8 hornets
  10 dream sheep
  10 hippogriffs
  2 meliai zombies
  13 spriggans (Lair:6)
  A shadow (D:13)
  3 wraiths (D:14)
  A vampire (D:14)
  A human (D:7)
  2 fire bats (Volcano)
  4 hogs (D:7)
  2 wyverns
  2 basilisks
  3 fire elementals (D:14)
  35 yaks
  3 hungry ghosts
  15 vampire mosquitoes
  8 wargs
  3 swamp worms (Lair:2)
  Menkaure (Ossuary)
  6 nagas
  An acid dragon (D:13)
  15 water moccasins
  3 hell hounds (D:14)
  A soldier ant (D:14)
  6 porcupines
  A hornet zombie (D:5)
  48 orc warriors
  5 sky beasts
  An ice beast (D:7)
  4 eyes of draining
  3 phantoms
  4 black bears
  3 boggarts (Lair:6)
  A necrophage (D:10)
  26 centaurs
  26 wolves
  11 ogres
  14 crocodiles
  A big kobold (D:13)
  18 bullfrogs
  A gnoll sergeant (D:9)
  4 scorpions
  16 killer bees
  10 wights
  An electric eel (D:14)
  3 howler monkeys
  2 bullfrog zombies
  4 lava snakes (Volcano)
  9 crimson imps
  7 jellies
  2 quasits (D:11)
  10 centaur zombies
  37 orc wizards
  26 orc priests
  3 hounds
  6 iguanas
  3 iron imps (D:5)
  3 bullfrog skeletons
  4 centaur skeletons
  12 worker ants
  3 ogre zombies (Ossuary)
  6 mummies (Ossuary)
  A howler monkey skeleton (D:4)
  2 worker ant zombies
  16 adders
  3 gnolls (D:9)
  3 shadow imps
  4 oozes (Lair:5)
  An adder skeleton (D:5)
  4 adder zombies
  3 worms
  2 dart slugs
  6 leopard geckos
  110 orcs
  4 giant cockroaches
  2 gnoll zombies (D:9)
  6 hobgoblins
  8 jackals
  3 quokkas
  A ball python (D:3)
  9 bats
  8 frilled lizards
  4 goblins
  4 goblin zombies (Ossuary)
  3 hobgoblin zombies (Ossuary)
  11 kobolds
  8 kobold zombies (Ossuary)
  2 leopard gecko skeletons (D:4)
  A quokka skeleton (D:5)
  5 quokka zombies (Ossuary)
  2 rats
  2 rat zombies (Ossuary)
  A spectral weapon (Snake:2)
925 creatures vanquished.

Vanquished Creatures (collateral kills)
  A komodo dragon (Lair:6)
1 creature vanquished.

Vanquished Creatures (others)
  A wolf spider simulacrum (D:14)
  A centaur (D:15)
  A bush (Lair:5)
  4 fungi
  5 plants
  11 spectral weapons
23 creatures vanquished.

Grand Total: 949 creatures vanquished

Notes
Turn   | Place    | Note
-------+----------+-------------------------------------------
     0 | D:1      | Ablot the Gnoll Skald began the quest for the Orb.
     0 | D:1      | Reached XP level 1. HP: 20/20 MP: 6/6
   155 | D:1      | Reached XP level 2. HP: 24/26 MP: 7/7
   164 | D:1      | Learned a level 2 spell: Song of Slaying
   167 | D:1      | Learned a level 2 spell: Shroud of Golubria
   675 | D:2      | Reached XP level 3. HP: 31/31 MP: 9/9
   685 | D:2      | Learned a level 3 spell: Regeneration
   689 | D:2      | Learned a level 3 spell: Spectral Weapon
   818 | D:2      | Reached skill level 5 in Spellcasting
   902 | D:2      | Reached skill level 1 in Invocations
  1051 | D:2      | Reached skill level 1 in Short Blades
  1051 | D:2      | Reached skill level 1 in Long Blades
  1051 | D:2      | Reached skill level 1 in Axes
  1051 | D:2      | Reached skill level 1 in Maces & Flails
  1051 | D:2      | Reached skill level 1 in Staves
  1051 | D:2      | Reached skill level 1 in Slings
  1051 | D:2      | Reached skill level 1 in Bows
  1051 | D:2      | Reached skill level 1 in Crossbows
  1051 | D:2      | Reached skill level 1 in Throwing
  1051 | D:2      | Reached skill level 1 in Stealth
  1051 | D:2      | Reached skill level 1 in Shields
  1051 | D:2      | Reached skill level 1 in Unarmed Combat
  1051 | D:2      | Reached skill level 1 in Evocations
  1296 | D:3      | Reached XP level 4. HP: 38/38 MP: 6/11
  1426 | D:3      | Found a glowing golden altar of the Shining One.
  1527 | D:3      | Reached skill level 1 in Conjurations
  1527 | D:3      | Reached skill level 1 in Hexes
  1527 | D:3      | Reached skill level 1 in Summonings
  1527 | D:3      | Reached skill level 1 in Necromancy
  1527 | D:3      | Reached skill level 1 in Translocations
  1527 | D:3      | Reached skill level 1 in Transmutations
  1527 | D:3      | Reached skill level 1 in Fire Magic
  1527 | D:3      | Reached skill level 1 in Ice Magic
  1527 | D:3      | Reached skill level 1 in Air Magic
  1527 | D:3      | Reached skill level 1 in Earth Magic
  1527 | D:3      | Reached skill level 1 in Poison Magic
  1599 | D:3      | Reached XP level 5. HP: 27/43 MP: 4/12
  2163 | D:4      | Got an encrusted mace
  2166 | D:4      | Identified the cursed +1 mace of the Revolution {crush,
                  | *Rage rElec rF- Int+8} (You found it on level 4 of the
                  | Dungeon)
  2222 | D:4      | Noticed a phantom
  2476 | D:4      | Killed a phantom
  2476 | D:4      | Reached XP level 6. HP: 50/50 MP: 3/13
  2890 | D:5      | Entered Level 5 of the Dungeon
  2904 | D:5      | Reached skill level 5 in Fighting
  2904 | D:5      | Reached skill level 5 in Polearms
  2904 | D:5      | Reached skill level 5 in Dodging
  2939 | D:5      | Found a sparkling altar of Nemelex Xobeh.
  2960 | D:5      | Reached XP level 7. HP: 51/56 MP: 15/15
  3213 | D:5      | Found a burning altar of Makhleb.
  3361 | D:5      | Found a staircase to the Ecumenical Temple.
  3365 | Temple   | Entered the Ecumenical Temple
  3586 | D:5      | Reached XP level 8. HP: 47/63 MP: 3/16
  3749 | D:5      | Found the +8 glaive of the Guard {elec, +Rage AC+5 SInv}
  3930 | D:6      | Found Suumni's Book Boutique.
  3933 | D:6      | Found an iron altar of Okawaru.
  3934 | D:6      | Found Abluceuk's Distillery.
  3941 | D:6      | Became a worshipper of Warmaster Okawaru
  3949 | D:6      | Bought a book of Maledictions for 275 gold pieces
  3953 | D:6      | Learned a level 3 spell: Confuse
  3957 | D:6      | Learned a level 3 spell: Dazzling Spray
  3959 | D:6      | Learned a level 1 spell: Corona
  3966 | D:6      | Bought a potion of degeneration for 11 gold pieces
  3975 | D:6      | Found Erazoxye's Book Shop.
  4084 | D:6      | Found Inlotz's Weapon Shop.
  4403 | D:6      | Found Ciyss's Magic Scroll Shoppe.
  4434 | D:6      | Found a bloodstained altar of Trog.
  4619 | D:7      | Found a sand-covered staircase.
  4623 | Ossuary  | Entered an ossuary
  4648 | Ossuary  | Reached * piety under Okawaru
  4798 | Ossuary  | Noticed Menkaure
  4802 | Ossuary  | Reached XP level 9. HP: 69/69 MP: 15/18
  4805 | Ossuary  | Killed Menkaure
  5109 | D:7      | Reached ** piety under Okawaru
  5167 | D:7      | Found a transporter.
  5169 | D:7      | Found a transporter.
  5173 | D:7      | Noticed a troll
  5174 | D:7      | Found a roughly hewn altar of Beogh.
  5174 | D:7      | Noticed an ogre mage
  5207 | D:7      | You fall into a shaft and drop 2 floors!
  5216 | D:9      | Noticed Psyche
  5387 | D:7      | Reached skill level 5 in Armour
  5733 | D:7      | Reached skill level 5 in Invocations
  5736 | D:7      | Reached *** piety under Okawaru
  5737 | D:7      | Reached XP level 10. HP: 72/77 MP: 14/20
  5957 | D:6      | Bought a scroll of identify for 28 gold pieces
  5957 | D:6      | Bought a scroll of random uselessness for 14 gold pieces
  5957 | D:6      | Bought a scroll of fear for 49 gold pieces
  6035 | D:7      | Learned a level 3 spell: Tukima's Dance
  6036 | D:7      | Identified the cursed +0 ring mail of Ru's Benevolence
                  | {-Cast rElec Int+3 Dex-5}
  6054 | D:7      | Reached skill level 5 in Short Blades
  6054 | D:7      | Reached skill level 5 in Long Blades
  6054 | D:7      | Reached skill level 5 in Axes
  6054 | D:7      | Reached skill level 5 in Maces & Flails
  6054 | D:7      | Reached skill level 5 in Staves
  6054 | D:7      | Reached skill level 5 in Slings
  6054 | D:7      | Reached skill level 5 in Bows
  6054 | D:7      | Reached skill level 5 in Crossbows
  6054 | D:7      | Reached skill level 5 in Throwing
  6054 | D:7      | Reached skill level 5 in Stealth
  6054 | D:7      | Reached skill level 5 in Shields
  6054 | D:7      | Reached skill level 5 in Unarmed Combat
  6054 | D:7      | Reached skill level 5 in Evocations
  6057 | D:7      | Killed an ogre mage
  6057 | D:7      | Reached **** piety under Okawaru
  6236 | D:8      | Noticed a two-headed ogre
  6267 | D:8      | Killed a two-headed ogre
  6281 | D:8      | Noticed a two-headed ogre
  6289 | D:8      | Received a gift from Okawaru
  6290 | D:8      | Killed a two-headed ogre
  6290 | D:8      | Reached XP level 11. HP: 65/84 MP: 4/22
  6569 | D:8      | Reached ***** piety under Okawaru
  6859 | D:9      | Found a staircase to the Orcish Mines.
  6936 | D:9      | Found a staircase to the Lair.
  6968 | D:9      | Reached skill level 5 in Conjurations
  6968 | D:9      | Reached skill level 5 in Hexes
  6968 | D:9      | Reached skill level 5 in Summonings
  6968 | D:9      | Reached skill level 5 in Necromancy
  6968 | D:9      | Reached skill level 5 in Translocations
  6968 | D:9      | Reached skill level 5 in Transmutations
  6968 | D:9      | Reached skill level 5 in Fire Magic
  6968 | D:9      | Reached skill level 5 in Ice Magic
  6968 | D:9      | Reached skill level 5 in Air Magic
  6968 | D:9      | Reached skill level 5 in Earth Magic
  6968 | D:9      | Reached skill level 5 in Poison Magic
  7441 | D:9      | Found a basalt altar of Yredelemnul.
  7727 | D:9      | Killed Psyche
  7753 | D:10     | Entered Level 10 of the Dungeon
  7754 | D:10     | Received a gift from Okawaru
  7945 | D:10     | Noticed an unseen horror
  7953 | D:10     | Killed an unseen horror
  8615 | D:11     | Received a gift from Okawaru
  8745 | D:11     | Noticed a cyclops
  8748 | D:11     | Killed a cyclops
  8748 | D:11     | Reached XP level 12. HP: 93/93 MP: 24/24
  8979 | D:11     | Received a gift from Okawaru
  9017 | D:11     | Got a fine chain mail {god gift}
  9028 | D:11     | Identified the +7 chain mail "Yfidghiry" {MR+ Str+2 Int+3
                  | Stlth+} (Okawaru gifted it to you on level 11 of the
                  | Dungeon)
  9626 | D:12     | Found a runed translucent door.
  9630 | D:12     | Noticed Tanips's ghost (journeyman MfSk)
  9642 | D:12     | Killed Tanips's ghost
  9648 | D:12     | Identified Sif Muna's Papyrus of the Evil Entourage
 10061 | D:12     | Noticed a two-headed ogre
 10072 | D:12     | Killed a two-headed ogre
 10341 | D:12     | Received a gift from Okawaru
 10341 | D:12     | Reached ****** piety under Okawaru
 10483 | D:13     | Reached XP level 13. HP: 49/101 MP: 19/26
 10550 | D:13     | Received a gift from Okawaru
 10841 | D:13     | Learned a level 3 spell: Vampiric Draining
 10843 | D:13     | Found a gate to the Vaults.
 10843 | D:13     | Noticed a vault guard
 10843 | D:13     | Noticed a vault guard
 10843 | D:13     | Noticed a rakshasa
 10843 | D:13     | Noticed a vault guard
 11273 | D:13     | Received a gift from Okawaru
 11335 | D:14     | Received a gift from Okawaru
 11354 | D:14     | Noticed Azrael
 11664 | D:14     | Noticed a fire dragon
 11673 | D:14     | Killed a fire dragon
 11734 | D:14     | Got a smoking chain mail
 11745 | D:14     | Identified the +1 chain mail "Ficvuih" {*Corrode rPois rN+}
                  | (You found it on level 14 of the Dungeon)
 11818 | D:14     | Found Tast's Distillery.
 12028 | D:14     | Reached skill level 10 in Spellcasting
 12037 | D:14     | Reached XP level 14. HP: 72/109 MP: 21/28
 12165 | D:14     | Received a gift from Okawaru
 12167 | D:14     | Got a polished hat {god gift}
 12185 | D:14     | Killed Azrael
 12219 | D:14     | Identified the +3 hat of Qagogrot {rF+} (Okawaru gifted it
                  | to you on level 14 of the Dungeon)
 12280 | D:14     | Reached skill level 10 in Fighting
 12280 | D:14     | Reached skill level 10 in Polearms
 12280 | D:14     | Reached skill level 10 in Dodging
 12472 | D:14     | Found a portal to a secret trove of treasure.
 12798 | D:15     | Entered Level 15 of the Dungeon
 12806 | D:15     | Found Neidottygg's Weapon Boutique.
 13123 | D:15     | Reached skill level 10 in Invocations
 13192 | D:15     | Found a staircase to the Depths.
 13206 | D:15     | Received a gift from Okawaru
 13814 | D:9      | Learned a level 1 spell: Beastly Appendage
 13816 | Lair:1   | Entered Level 1 of the Lair of Beasts
 13937 | Lair:1   | Noticed Sonja
 13950 | Lair:1   | Killed Sonja
 14668 | Lair:2   | Identified a scroll of acquirement
 14669 | Lair:2   | Got a wavering steel ring
 14671 | Lair:2   | Identified the ring of Ozxet {*Contam rF+ rN+++ Str+6} (You
                  | acquired it on level 2 of the Lair of Beasts)
 14807 | Lair:2   | Found a staircase to the Snake Pit.
 15541 | Lair:3   | Received a gift from Okawaru
 15599 | Lair:3   | Reached XP level 15. HP: 117/117 MP: 25/29
 16358 | Lair:4   | Reached skill level 10 in Armour
 16994 | Lair:5   | Found a runed translucent door.
 16994 | Lair:5   | Found a viscous altar of Jiyva.
 17014 | Lair:5   | Found a staircase to the Slime Pits.
 17675 | Lair:6   | Entered Level 6 of the Lair of Beasts
 17690 | Lair:6   | Reached skill level 10 in Charms
 17741 | Lair:6   | Received a gift from Okawaru
 17758 | Lair:6   | Reached skill level 10 in Short Blades
 17758 | Lair:6   | Reached skill level 10 in Long Blades
 17758 | Lair:6   | Reached skill level 10 in Axes
 17758 | Lair:6   | Reached skill level 10 in Maces & Flails
 17758 | Lair:6   | Reached skill level 10 in Staves
 17758 | Lair:6   | Reached skill level 10 in Slings
 17758 | Lair:6   | Reached skill level 10 in Bows
 17758 | Lair:6   | Reached skill level 10 in Crossbows
 17758 | Lair:6   | Reached skill level 10 in Throwing
 17758 | Lair:6   | Reached skill level 10 in Stealth
 17758 | Lair:6   | Reached skill level 10 in Shields
 17758 | Lair:6   | Reached skill level 10 in Unarmed Combat
 17758 | Lair:6   | Reached skill level 10 in Evocations
 17817 | Lair:6   | Received a gift from Okawaru
 17841 | Lair:6   | Got a jewelled ring mail {god gift}
 17852 | Lair:6   | Identified the +1 ring mail of Bitterness {rN+ Int+2}
                  | (Okawaru gifted it to you on level 6 of the Lair of Beasts)
 18310 | Lair:6   | Learned a level 4 spell: Airstrike
 18313 | Lair:6   | Learned a level 2 spell: Swiftness
 18318 | Lair:6   | Learned a level 4 spell: Animate Dead
 18411 | Lair:6   | Noticed Snorg
 18424 | Lair:6   | Killed Snorg
 18916 | Orc:1    | Entered Level 1 of the Orcish Mines
 19345 | Orc:2    | Entered Level 2 of the Orcish Mines
 19345 | Orc:2    | Found a staircase to the Elven Halls.
 19462 | Orc:2    | Found a dark tunnel.
 19476 | Volcano  | Entered a volcano
 19683 | Volcano  | Found a radiant altar of Vehumet.
 19688 | Volcano  | Reached XP level 16. HP: 124/125 MP: 31/31
 20674 | Orc:2    | Found a roughly hewn altar of Beogh.
 20782 | Orc:2    | Received a gift from Okawaru
 20812 | Orc:2    | Learned a level 3 spell: Static Discharge
 20966 | Orc:2    | Found Ocrurgh's Antique Armour Boutique.
 20967 | Orc:2    | Found a roughly hewn altar of Beogh.
 20968 | Orc:2    | Found Qeamn's Antique Weapon Shop.
 21145 | Orc:2    | Found a roughly hewn altar of Beogh.
 21171 | Orc:2    | Found Leajus's General Store.
 21184 | Orc:2    | Reached XP level 17. HP: 131/131 MP: 32/32
 21263 | Orc:2    | Found a roughly hewn altar of Beogh.
 21301 | Orc:2    | Found Donadoa's Weapon Boutique.
 21711 | Lair:2   | Found a staircase to the Swamp.
 21993 | D:13     | Received a gift from Okawaru
 22305 | Snake:1  | Entered Level 1 of the Snake Pit
 22620 | Snake:1  | Received a gift from Okawaru
 22632 | Snake:1  | Got a fine ring mail {god gift}
 22701 | Snake:1  | Identified the +3 ring mail of the Untouchables {Str+4}
                  | (Okawaru gifted it to you on level 1 of the Snake Pit)
 22713 | Snake:1  | Got an ancient lapis lazuli ring
 22715 | Snake:1  | Identified the ring of Olutoa {Str+9 Int+5 Dex-5 SInv} (You
                  | acquired it on level 1 of the Snake Pit)
 22730 | Snake:1  | Found Axaajuge's Gadget Emporium.
 22755 | Snake:1  | Identified the Papyrus of Enchanting Conjuration
 22759 | Snake:1  | Learned a level 1 spell: Confusing Touch
 23371 | Snake:2  | Killed from afar by a shock serpent

Levels and vault maps discovered:
D:1:      dpeg_arrival_tiny_d, layout_loops_cross
D:2:      cheibrodos_old_hovel, layout_loops_cross, first_ration
D:3:      layout_basic, lemuel_doored_altar, serial_corexii_hall,
          chequers_hall_statues_corner_a, corexii_hall_statues_u,
          minmay_misc_feat_more_columns
D:4:      layout_basic
D:5:      minmay_clustersquares, layout_rooms, demons_altar, temple_hall_moat,
          nemelex_xobeh_ov_fountains_minmay
D:6:      layout_loops_ring, overflow_temple_1_default, serial_shops, shop,
          shop, nicolae_shop_crystal, nicolae_shop_crystal,
          kennysheep_little_box, basic_altar
D:7:      gammafunk_beogh_shrine, layout_gridville, enter_ossuary_5,
          grunt_livestock
D:8:      layout_loops_cross
D:9:      layout_gridville, lemuel_zombie_altar_yredelemnul,
          erik_lair_orcish_takeover, orc_0_dummy, uniq_psyche
D:10:     layout_loops_cross
D:11:     layout_stronghold, hangedman_decor_diamond_cutter
D:12:     layout_loops_ring, ebering_ghost_reflecting_pool
D:13:     layout_loops_ring, lightli_vaults_fourway_checkpoint
D:14:     minmay_the_grid_net [minmay_the_grid_expand, minmay_the_grid_armoury,
          minmay_the_grid_tiny_cups, minmay_the_grid_doors,
          minmay_the_grid_minigrid_small, minmay_the_grid_prize_diamond_cup],
          layout_loops_ring, serial_bayou_pond_b, trove_entry_hex_spiral,
          serial_shops, nicolae_shop_waterfront, uniq_azrael
D:15:     grunt_enter_depths_magical_seal, layout_long_grid,
          minmay_misc_feat_four_crosses, serial_shops, shop
Temple:   eino_narrow_crystal_temple
Lair:1:   layout_chaotic_city, minivault_24, uniq_sonja
Lair:2:   layout_cave_shapes, palyth_hydra_swamp_entry,
          minmay_snake_entry_spellcaster, patterned_corridor
Lair:3:   layout_regular_city, chequers_serial_rivers_micro_d,
          beast_lair_carwin_10, lemuel_fruit_tree
Lair:4:   layout_misc_corridors, lemuel_fruit_fields
Lair:5:   layout_regular_city, slime_altar_2, grunt_megastairs_1
Lair:6:   minmay_lair_end_enchanted_forest, layout_loops_ring,
          grunt_megastairs_3, uniq_snorg
Snake:1:  layout_rooms, serial_shops, shop
Snake:2:  layout_basic, nicolae_snake_horde_hoard
Orc:1:    layout_caves
Orc:2:    grunt_orc_community_town_hall, layout_diamond_mine,
          grunt_orc_community_big_house_2, grunt_orc_community_big_house_1,
          grunt_orc_community_house_2, grunt_orc_community_house_3,
          grunt_orc_community_house_2, grunt_orc_community_house_3,
          grunt_orc_community_house_3, nicolae_volcano_entry_two_sided

Skill      XL: |  1  2  3  4  5  6  7  8  9 10 11 12 13 14 15 16 17 |
---------------+----------------------------------------------------+-----
Spellcasting   | 5 6 7 8 9 10 11 12 | 12.1
Invocations    | 1 2 3 4 5 6 7 8 9 10 11 12 | 12.0
Short Blades   | 1 2 3 4 5 6 7 8 9 10 11 | 11.1
Long Blades    | 1 2 3 4 5 6 7 8 9 10 11 | 11.1
Axes           | 1 2 3 4 5 6 7 8 9 10 11 | 11.1
Maces & Flails | 1 2 3 4 5 6 7 8 9 10 11 | 11.1
Staves         | 1 2 3 4 5 6 7 8 9 10 11 | 11.1
Slings         | 1 2 3 4 5 6 7 8 9 10 11 | 11.1
Bows           | 1 2 3 4 5 6 7 8 9 10 11 | 11.1
Crossbows      | 1 2 3 4 5 6 7 8 9 10 11 | 11.1
Throwing       | 1 2 3 4 5 6 7 8 9 10 11 | 11.1
Stealth        | 1 2 3 4 5 6 7 8 9 10 11 | 11.1
Shields        | 1 2 3 4 5 6 7 8 9 10 11 | 11.1
Unarmed Combat | 1 2 3 4 5 6 7 8 9 10 11 | 11.1
Evocations     | 1 2 3 4 5 6 7 8 9 10 11 | 11.1
Conjurations   | 1 2 3 4 5 6 7 8 9 |  9.5
Hexes          | 1 2 3 4 5 6 7 8 9 |  9.5
Summonings     | 1 2 3 4 5 6 7 8 9 |  9.5
Necromancy     | 1 2 3 4 5 6 7 8 9 |  9.5
Translocations | 1 2 3 4 5 6 7 8 9 |  9.5
Transmutations | 1 2 3 4 5 6 7 8 9 |  9.5
Fire Magic     | 1 2 3 4 5 6 7 8 9 |  9.5
Ice Magic      | 1 2 3 4 5 6 7 8 9 |  9.5
Air Magic      | 1 2 3 4 5 6 7 8 9 |  9.5
Earth Magic    | 1 2 3 4 5 6 7 8 9 |  9.5
Poison Magic   | 1 2 3 4 5 6 7 8 9 |  9.5
Armour         | 3 4 5 6 7 8 9 10 11 | 11.4
Fighting       | 5 6 7 8 9 10 11 12 | 12.0
Polearms       | 5 6 7 8 9 10 11 12 | 12.0
Dodging        | 5 6 7 8 9 10 11 12 | 12.0
Charms         | 6 7 8 9 10 | 10.9

Action                   |  1- 3 |  4- 6 |  7- 9 | 10-12 | 13-15 | 16-18 || total
-------------------------+-------+-------+-------+-------+-------+-------++-------
Melee: Spear             |    19 |       |       |       |       |       ||    19
       Whip              |    76 |    84 |    48 |       |       |       ||   208
       Bite              |     7 |    12 |    18 |    22 |   112 |    48 ||   219
       Punch             |       |     1 |     3 |       |       |       ||     4
       Mace              |       |    46 |    37 |       |       |       ||    83
       Glaive            |       |       |   153 |   389 |   862 |   388 ||  1792
       Headbutt          |       |       |       |       |     7 |    25 ||    32
       Demon blade       |       |       |       |       |    18 |       ||    18
       Triple sword      |       |       |       |       |       |    10 ||    10
Throw: Dart              |       |       |     1 |       |     1 |       ||     2
 Cast: Shroud of Golubri |     4 |     6 |    24 |    38 |    69 |    33 ||   174
       Infusion          |     3 |     3 |     5 |     2 |     4 |     1 ||    18
       Regeneration      |     1 |     2 |    11 |     6 |    24 |    18 ||    62
       Spectral Weapon   |       |     3 |    14 |    32 |    65 |    34 ||   148
       Song of Slaying   |       |     2 |     5 |    16 |    14 |     8 ||    45
       Dazzling Spray    |       |       |     3 |     3 |    22 |     9 ||    37
       Corona            |       |       |     1 |     5 |     2 |     1 ||     9
       Confuse           |       |       |       |     6 |     6 |     7 ||    19
       Beastly Appendage |       |       |       |       |     5 |     8 ||    13
Evoke: Wand              |       |       |       |     1 |     1 |       ||     2
       Fan of gales      |       |       |       |       |     1 |       ||     1
  Use: Scroll            |       |     1 |     3 |    16 |    12 |     3 ||    35
       Potion            |       |       |       |       |       |     2 ||     2
 Stab: Sleeping          |     1 |       |    16 |    27 |    17 |     5 ||    66
       Distracted        |       |     2 |       |     1 |     8 |     3 ||    14
       Confused          |       |       |       |     1 |     1 |     1 ||     3
       Invisible         |       |       |       |       |     6 |       ||     6
  Eat: Chunk             |     2 |     4 |    12 |    19 |    33 |    14 ||    84
Armor: Leather armour    |    17 |    31 |    27 |     5 |       |       ||    80
       Robe              |       |       |    39 |     8 |       |       ||    47
       Troll leather arm |       |       |       |    50 |       |       ||    50
       Chain mail        |       |       |       |    79 |   580 |   200 ||   859
       Skin              |       |       |       |       |     1 |       ||     1
Dodge: Dodged            |    63 |   119 |   163 |   284 |   627 |   265 ||  1521
       Deflected         |       |       |       |       |    18 |    19 ||    37
       Rpst.: Demon blade |       |       |       |       |     1 |       ||     1
       Triple sword      |       |       |       |       |       |     1 ||     1

Table legend:
 A = Non-vault XP
 B = Vault XP
 C = Vault XP percentage of total XP
 D = Non-vault monster count
 E = Vault monster count
 F = Vault count percentage of total count
                 A         B        C        D         E       F
            +---------+---------+-------+---------+---------+-------
      Total |  116855 |   63948 |  35.4 |     636 |     290 |  31.3
            +---------+---------+-------+---------+---------+-------
        D:1 |      22 |       0 |   0.0 |      15 |       0 |   0.0
        D:2 |      44 |      14 |  24.1 |      14 |       1 |   6.7
        D:3 |     121 |       0 |   0.0 |      26 |       0 |   0.0
        D:4 |     213 |       0 |   0.0 |      11 |       0 |   0.0
        D:5 |     699 |     447 |  39.0 |      15 |       8 |  34.8
        D:6 |     579 |       0 |   0.0 |      15 |       0 |   0.0
        D:7 |    1645 |    2790 |  62.9 |      43 |      19 |  30.6
        D:8 |    3453 |       0 |   0.0 |      30 |       0 |   0.0
        D:9 |    1096 |    1009 |  47.9 |      19 |      11 |  36.7
       D:10 |    3719 |       0 |   0.0 |      34 |       0 |   0.0
       D:11 |    4187 |       0 |   0.0 |      39 |       0 |   0.0
       D:12 |    9226 |    1493 |  13.9 |      46 |       1 |   2.1
       D:13 |    5420 |    8516 |  61.1 |      26 |      12 |  31.6
       D:14 |   13843 |   12920 |  48.3 |      46 |      28 |  37.8
       D:15 |   11084 |    5121 |  31.6 |      34 |       9 |  20.9
     Lair:1 |    2220 |     807 |  26.7 |      10 |       1 |   9.1
     Lair:2 |     796 |    3242 |  80.3 |       4 |       8 |  66.7
     Lair:3 |    4134 |     893 |  17.8 |      19 |       8 |  29.6
     Lair:4 |    4796 |       0 |   0.0 |      22 |       0 |   0.0
     Lair:5 |    5975 |    1170 |  16.4 |      20 |       8 |  28.6
     Lair:6 |   10375 |   10673 |  50.7 |      25 |      53 |  67.9
    Snake:1 |   19176 |       0 |   0.0 |      32 |       0 |   0.0
    Snake:2 |    3807 |       0 |   0.0 |       6 |       0 |   0.0
      Orc:1 |    3060 |       0 |   0.0 |      33 |       0 |   0.0
      Orc:2 |    7165 |    7196 |  50.1 |      52 |      72 |  58.1
    Ossuary |       0 |     487 | 100.0 |       0 |      37 | 100.0
    Volcano |       0 |    7170 | 100.0 |       0 |      14 | 100.0
            +---------+---------+-------+---------+---------+-------
